 Dungeon Crawl Stone Soup version 0.28.0-45-g0d030f2227 (webtiles) character file.

Game seed: 9887600181908243177

120 oldmanjim the Changer (level 5, -7/53 HPs)
             Began as an Ogre Transmuter on Apr 16, 2022.
             Was an Initiate of Elyvilon.
             Mangled by a gnoll
             ... wielding a +0 halberd
              (16 damage)
             ... on level 3 of the Dungeon.
             The game lasted 00:19:41 (3883 turns).

oldmanjim the Changer (Ogre Transmuter)             Turns: 3883, Time: 00:19:42

Health: -7/53      AC:  3    Str: 14    XL:     5   Next: 4%
Magic:  6/9        EV: 10    Int: 16    God:    Elyvilon [......]
Gold:   96         SH:  0    Dex:  9    Spells: 4/10 levels left

rFire   + . .      SeeInvis .     - Unarmed
rCold   . . .      Faith    .   (no shield)
rNeg    . . .      Spirit   .   a - +0 robe
rPois   .          Reflect  .   (helmet currently unavailable)
rElec   .          Harm     .   (no cloak)
rCorr   .          Rampage  .   (gloves unavailable)
Will    .....                   (boots unavailable)
Stlth   +.........              (no amulet)
HPRegen 0.17/turn               l - ring of protection from fire
MPRegen 0.11/turn               (no ring)

@: appendages, wereblooded
A: horns 2, talons 2, large, unfitting armour, tough skin 1
a: End Transformation, Renounce Religion


You were on level 3 of the Dungeon.
You worshipped Elyvilon.
Elyvilon was noncommittal.
You had temporarily grown beastly horns and talons.
You visited 1 branch of the dungeon, and saw 4 of its levels.

You collected 96 gold pieces.

Inventory:

Armour
 a - a +0 robe (worn)
Jewellery
 l - a ring of protection from fire (left hand)
Scrolls
 e - 2 scrolls of silence {unknown}
 h - 2 scrolls of torment {unknown}
 j - a scroll of fear {unknown}
 k - a scroll of enchant weapon {unknown}
 m - a scroll of enchant armour {unknown}
 n - a scroll of teleportation {unknown}
Potions
 b - a potion of attraction {unknown}
 c - 4 potions of magic {unknown}
 d - 2 potions of lignification {unknown}
 f - a potion of degeneration {unknown}
 g - a potion of haste {unknown}
 i - a potion of curing {unknown}
 o - a potion of mutation {unknown}


   Skills:
 - Level 3.0 Fighting
 - Level 2.0 Dodging
 - Level 3.0 Unarmed Combat
 - Level 3.0 Spellcasting
 * Level 3.5 Transmutations
 + Level 0.0 Poison Magic


You had 4 spell levels left.
You knew the following spells:

 Your Spells              Type           Power      Damage    Failure   Level
a - Beastly Appendage     Tmut           26%        N/A       4%          1
b - Wereblood             Tmut           13%        N/A       7%          2
c - Spider Form           Tmut/Pois      8%         N/A       26%         3

Your spell library contained the following spells:

 Spells                   Type           Power      Damage    Failure   Level
 Inner Flame              Hex/Fire       2%         N/A       50%         3
 Ice Form                 Ice/Tmut       8%         N/A       65%         4
 Cause Fear               Hex            1%         N/A       88%         4
 Discord                  Hex            1%         N/A       100%        8


Dungeon Overview and Level Annotations

Branches:
Dungeon (4/15)
 Temple: D:4-7

Altars:
Elyvilon
Xom
Zin


Innate Abilities, Weirdness & Mutations

You have temporarily grown beastly horns and talons.
You are too large for most types of armour.
You have tough skin. (AC +1)


Message History

You start memorising the spell.
You continue memorising. x3
You finish memorising.
Spell assigned to 'c'.
Unknown command.
Okay, then.
There is an open door here.
You see here a +0 club.
There is a stone staircase leading down here.
You climb downwards.
The gnoll shouts!
Found a scroll labelled KIYCRE XEIQUK and a scroll labelled BOIGA ANOIFA.
There is a stone staircase leading up here.
Casting: Beastly Appendage (safe; 4% risk of failure)
Confirm with . or Enter, or press ? or * to list all spells.
You grow a pair of large bovine horns.
Your feet morph into talons.
A gnoll comes into view. It is wielding a +0 halberd.
A gnoll comes into view. It is wielding a +0 halberd.
The gnoll barely misses you.
There is a stone staircase leading up here.
Magic restored.
The gnoll hits you with a +0 halberd! The gnoll barely misses you.
You climb upwards.
There is a stone staircase leading down here.
The gnoll hits you with a +0 halberd! The gnoll barely misses you.
There is an open door here.
Your transformation is almost over.
The gnoll hits you from afar with a +0 halberd!
Your horns disappear.
Your talons disappear.
There is an open door here.
Casting: Beastly Appendage (safe; 4% risk of failure)
Confirm with . or Enter, or press ? or * to list all spells.
You grow a pair of large bovine horns.
Your feet morph into talons.
The gnoll hits you from afar with a +0 halberd!
* * * LOW HITPOINT WARNING * * *
Casting: Beastly Appendage (safe; 4% risk of failure)
Confirm with . or Enter, or press ? or * to list all spells.
Your blood is infused with primal strength.
The gnoll closely misses you.
The gnoll hits you from afar with a +0 halberd!
You die...

#........#.....)...
#........#.........
#....).............
#..................
##..g.....#........
##........#########
#g...)....# #g####....#
##### ######@..#....#
#...# # #....#._.##'###
#...### #.####...#..#
#...... #.# #≈≈≈#..#
#......
#.####...#.######......
###.##.#._.#.# #.........
#....#.#...#.# #.........
####.#.####'.###.........
#.#.# #....##.........


You could see 2 gnolls.

Vanquished Creatures
  Robin (D:3)
  2 adders (D:2)
  A worm (D:3)
  A dart slug (D:1)
  4 orcs
  3 bats
  6 endoplasms
  2 giant cockroaches (D:2)
  12 goblins
  11 hobgoblins
  3 kobolds
  6 quokkas
  6 ball pythons
  4 frilled lizards
  16 rats
78 creatures vanquished.

Notes
Turn   | Place    | Note
-------+----------+-------------------------------------------
     0 | D:1      | oldmanjim the Ogre Transmuter began the quest for the Orb.
     0 | D:1      | Reached XP level 1. HP: 19/19 MP: 3/3
   289 | D:1      | Reached XP level 2. HP: 18/27 MP: 3/5
   959 | D:1      | Reached XP level 3. HP: 17/35 MP: 5/7
  1874 | D:2      | Found a faded altar of an unknown god.
  2099 | D:2      | Reached XP level 4. HP: 36/44 MP: 6/8
  2970 | D:3      | Found a glowing silver altar of Zin.
  3121 | D:3      | Found a white marble altar of Elyvilon.
  3121 | D:3      | Found a shimmering altar of Xom.
  3140 | D:3      | Noticed Robin
  3190 | D:3      | Killed Robin
  3247 | D:3      | Reached XP level 5. HP: 46/53 MP: 7/9
  3797 | D:3      | Became a worshipper of Elyvilon the Healer
  3824 | D:3      | Learned a level 2 spell: Wereblood
  3828 | D:3      | Learned a level 3 spell: Spider Form
  3883 | D:3      | Mangled by a gnoll

Illustrated notes

Levels and vault maps discovered:
D:1:      heliophobic_arrival_henge, layout_loops_cross, minmay_rat_gold_closets
D:2:      layout_loops_cross, dreamdust_ecumenical_altar_statues
D:3:      layout_basic, mainiacjoe_overflow_paths,
          mainiacjoe_overflow_divided_tiny, uniq_robin
D:4:      layout_basic, mainiacjoe_overflow_alcove_2, guppyfry_early_orc_mine

Skill      XL: |  1  2  3  4 |
---------------+-------------+-----
Dodging        | 2 |  2.0
Transmutations | 2 3 |  3.5
Fighting       | 2 3 |  3.0
Unarmed Combat | 3 |  3.0
Spellcasting   | 3 |  3.0

Action                   |  1- 3 |  4- 6 || total
-------------------------+-------+-------++-------
Melee: Unarmed           |   149 |    72 ||   221
       Kick              |    18 |    15 ||    33
       Punch             |     6 |     3 ||     9
       Headbutt          |     8 |    14 ||    22
 Cast: Beastly Appendage |    23 |    19 ||    42
       Wereblood         |       |     1 ||     1
 Stab: Sleeping          |     3 |       ||     3
Armor: Robe              |    20 |    22 ||    42
Dodge: Dodged            |    77 |    34 ||   111
